[Event "Smuk Skak GM Tournament 2021"]
[Site "Skanderborg, Denmark"]
[Date "????.??.??"]
[Round "6.1"]
[White "Lindgren, Phillip"]
[Black "Antolak, Julia"]
[Result "0-1"]
[TimeControl "90 minutes + 30 minutes at move 40, 30 secs pr move from move 1"]
[WhiteTitle "IM"]
[BlackTitle "WIM"]
[WhiteFideId "1713230"]
[BlackFideId "1159569"]
[WhiteElo "2356"]
[BlackElo "2340"]

1. d4 Nf6 2. c4 c5 3. d5 b5 4. cxb5 a6 5. f3 e6 6. e4 c4 7. Bxc4 axb5 8. Bxb5 Bc5 9. Nc3 O-O 10.
Nge2 Qb6 11. Bg5 Na6 12. Qd2 h6 13. Bf4 exd5 14. exd5 Nb4 15. Bc4 Ba6 16. Bxa6 Qxa6 17. Rd1 Rfe8 18.
d6 Nbd5 19. Kf1 Be3 20. Bxe3 Nxe3+ 21. Kf2 Qb6 22. Qd4 Nxd1+ 23. Rxd1 Qxb2 24. Rd2 Qb7 25. g4 Ra6 26. h4 Re6 27.
Kg3 Raxd6 28. Qf4 Rxd2 29. Qxd2 Qc7+ 30. Kg2 Qd6 31. Qb2 Qe5 32. a4 Nd5 33.
Qb3 Nxc3 34. Nxc3 Qe1 35. Ne4 Qxh4 36. a5 Qd8 37. Qb5 Qc8 38. Nc5 Re5 0-1

[Event "Smuk Skak GM Tournament 2021"]
[Site "Skanderborg, Denmark"]
[Date "????.??.??"]
[Round "6.2"]
[White "Solodovnichenko, Yuri"]
[Black "Olsen, Filip Boe"]
[Result "1/2-1/2"]
[TimeControl "90 minutes + 30 minutes at move 40, 30 secs pr move from move 1"]
[WhiteTitle "GM"]
[BlackTitle "IM"]
[WhiteFideId "14104369"]
[BlackFideId "1440640"]
[WhiteElo "2546"]
[BlackElo "2397"]

1. e4 c5 2. Nf3 d6 3. d4 cxd4 4. Nxd4 Nf6 5. Nc3 a6 6. Be3 Ng4 7. Bc1 Nf6 8. h3 e5 9. Nb3 h5 10. Be2 Be6 11. O-O Nbd7 12.
a4 Rc8 13. Bg5 Be7 14. a5 g6 15. Re1 O-O 16. Bf3 Nh7 17. Be3 Rc6 18. Nc1 Bg5 19. Nd3 Bxe3 20. Rxe3 Nhf6 21. Be2 Qc7 22. f4 exf4 23. Nxf4 Re8 24. Qd4 Bc4 25. Kh1 Re5 26.
Rf1 Bxe2 27. Rxe2 Rc4 28. Qd3 Qc5 29. Nfd5 Nxe4 30. Rxe4 Rcxe4 31. Nxe4 Qxd5 32. Nxd6 Qxd3 33. cxd3 f5 34. Rc1 Rxa5 35. Rc8+ Nf8 36. Nxb7 Rb5 37. Nc5 Kf7 38. Rc7+ Kf6 39. b3 Ne6 40. Nxe6 Kxe6 41. Rc6+ Kf7 42. Rxa6 1/2-1/2

[Event "Smuk Skak GM Tournament 2021"]
[Site "Skanderborg, Denmark"]
[Date "????.??.??"]
[Round "6.3"]
[White "Ochsner, Bjørn Møller"]
[Black "Janik, Igor"]
[Result "1/2-1/2"]
[TimeControl "90 minutes + 30 minutes at move 40, 30 secs pr move from move 1"]
[WhiteTitle "IM"]
[BlackTitle "IM"]
[WhiteFideId "1416928"]
[BlackFideId "1159259"]
[WhiteElo "2506"]
[BlackElo "2500"]

1. e4 e5 2. Nf3 Nc6 3. Bb5 a6 4. Ba4 Nf6 5. O-O b5 6. Bb3 Bc5 7. a4 Rb8 8. c3 d6 9. d4 Bb6 10.
axb5 axb5 11. Na3 O-O 12. Nxb5 Bg4 13. Bc2 Bxf3 14. gxf3 Nh5 15. f4 Qh4 16. fxe5 dxe5 17. d5 Kh8 18. dxc6 g5 19. Ra6 Rg8 20. Rxb6 Rxb6 21. Qd5 Qg4+ 22. Kh1 Qf3+ 23. Kg1 Nf4 24. Qxe5+ Rg7 25. Qe8+ Rg8 26. Qe5+ Rg7 27. Qe8+ Rg8 28. Qe5+ 1/2-1/2

[Event "Smuk Skak GM Tournament 2021"]
[Site "Skanderborg, Denmark"]
[Date "????.??.??"]
[Round "6.4"]
[White "Brunello, Sabino"]
[Black "Svane, Frederik"]
[Result "0-1"]
[TimeControl "90 minutes + 30 minutes at move 40, 30 secs pr move from move 1"]
[WhiteTitle "GM"]
[BlackTitle "IM"]
[WhiteFideId "813613"]
[BlackFideId "12923044"]
[WhiteElo "2517"]
[BlackElo "2438"]

1. d4 Nf6 2. Bg5 e6 3. Nd2 c5 4. e3 cxd4 5.
exd4 Be7 6. Bd3 b6 7. Ngf3 Bb7 8.
c3 d6 9.
Qe2 Nbd7 10. a4 O-O 11. O-O Qc7 12. Bh4 Rfe8 13. Ng5 h6 14. f4 Nf8 15. Rae1 hxg5 16. fxg5 N6h7 17. Qh5 g6 18.
Qh6 Bd8 19. Rf6 Re7 20. Ref1 Qc6 21. Ne4 Qxe4 22. Bxe4 Bxe4 23. Bg3 Bc7 24. R6f2 e5 25.
dxe5 dxe5 26. Rd2 Rae8 27. Re1 Bf5 28. Rde2 e4 29. Qh4 Ne6 30. Bxc7 Nxc7 31. Qg3 Ne6 32. h4 Nc5 33. Rf1 Re5 34. c4 Nd3 35. b3 Nf8 36. Qe3 Ne6 37. h5 gxh5 38. Rxf5 Rxf5 39. Qxe4 Ndf4 40.
Rd2 Rxg5 41. Qb7 Nc5 42. Qxa7 Ne2+ 43. Kh2 Re4 44. g3 Nxg3 45. Rg2 Rh4+ 46. Kg1 Rh1+ 47. Kf2 Nge4+ 0-1

[Event "Smuk Skak GM Tournament 2021"]
[Site "Skanderborg, Denmark"]
[Date "????.??.??"]
[Round "6.5"]
[White "Nagy, Gabor"]
[Black "Pedersen, Nicolai Vesterbæk"]
[Result "1-0"]
[TimeControl "90 minutes + 30 minutes at move 40, 30 secs pr move from move 1"]
[WhiteTitle "GM"]
[BlackTitle "IM"]
[WhiteFideId "737119"]
[BlackFideId "1402340"]
[WhiteElo "2518"]
[BlackElo "2369"]

1. d4 Nf6 2. Nf3 e6 3. c4 d5 4. e3 a6 5. b3 c5 6. Bb2 Nc6 7. Nbd2 dxc4 8. bxc4 cxd4 9. exd4 Be7 10.
Bd3 Nxd4 11. Nxd4 e5 12. O-O exd4 13. Nb3 O-O 14. Nxd4 Ng4 15. Be2 Ne5 16. Qb3 Bf6 17. Rad1 Qc7 18.
Qg3 Re8 19. Nc2 Nf3+ 20. Bxf3 Qxg3 21. hxg3 Bxb2 22. Rb1 Bf6 23. Ne3 Rb8 24. Rfd1 Bg5 25.
c5 Bxe3 26. fxe3 Kf8 27. c6 b5 28.
Rbc1 Ke7 29. Bd5 Rb6 30. Kf2 Be6 31. Bxe6 Kxe6 32. c7 1-0

[Event "Smuk Skak GM Tournament 2021"]
[Site "Skanderborg, Denmark"]
[Date "2021.08.20"]
[Round "7.1"]
[White "Svane, Frederik"]
[Black "Nagy, Gabor"]
[Result "1/2-1/2"]
[TimeControl "90 minutes + 30 minutes at move 40, 30 secs pr move from move 1"]
[WhiteTitle "IM"]
[BlackTitle "GM"]
[WhiteFideId "12923044"]
[BlackFideId "737119"]
[WhiteElo "2438"]
[BlackElo "2518"]

1. e4 e5 2. Nf3 Nc6 3. Bb5 a6 4. Ba4 Nf6 5. O-O Be7 6. d3 b5 7. Bb3 d6 8. a3 O-O 9. Nc3 Nb8 10.
h3 Nbd7 11. Ne2 Nc5 12. Ba2 Be6 13. Ng3 Bxa2 14. Rxa2 g6 15. Be3 Ne6 16. c3 Re8 17. Qc2 c5 18. a4 b4 19. cxb4 cxb4 20.
a5 Qd7 21. Qa4 Qb7 22. Bb6 d5 23. Nxe5 dxe4 24. dxe4 Nxe4 25. Qc6 Qxc6 26. Nxc6 Nxg3 27. Nxe7+ Rxe7 28. fxg3 Rc8 29. Raa1 Rd7 30.
Rac1 Rxc1 31. Rxc1 Rd2 32. Rc8+ Kg7 33. Ra8 Rxb2 34. Rxa6 b3 35. Kh2 Ra2 36. Be3 Re2 37. Bg1 Ng5 38.
Rb6 Nf3+ 39. Kh1 Nxg1 40. Kxg1 Ra2 41. Rxb3 Rxa5 1/2-1/2

[Event "Smuk Skak GM Tournament 2021"]
[Site "Skanderborg, Denmark"]
[Date "2021.08.20"]
[Round "7.2"]
[White "Antolak, Julia"]
[Black "Solodovnichenko, Yuri"]
[Result "1/2-1/2"]
[TimeControl "90 minutes + 30 minutes at move 40, 30 secs pr move from move 1"]
[WhiteTitle "WIM"]
[BlackTitle "GM"]
[WhiteFideId "1159569"]
[BlackFideId "14104369"]
[WhiteElo "2340"]
[BlackElo "2546"]

1. e4 c5 2. Nf3 d6 3. d4 cxd4 4. Nxd4 Nf6 5. Nc3 Nc6 6. f3 e5 7. Nb3 Be7 8. Be3 O-O 9. Qd2 Be6 10.
O-O-O a5 11. Bb5 Na7 12. Bxa7 Rxa7 13. Kb1 Ne8 14. a4 Nc7 15. Qf2 Nxb5 16. Nxb5 Ra6 17. Nc1 f5 18. Qe2 Qc8 19.
exf5 Rxf5 20. Na2 Bc4 21. Qd2 Qc5 22. Nac3 Bg5 23. Ne4 Bxd2 24. Nxc5 dxc5 25. Rxd2 Bxb5 26. axb5 Rb6 27. Rd5 Rxb5 28.
Re1 b6 29. Rexe5 Rxe5 30. Rxe5 Kf7 31. Re4 Rb4 32. c4 Kf6 33. h4 Ke5 1/2-1/2

[Event "Smuk Skak GM Tournament 2021"]
[Site "Skanderborg, Denmark"]
[Date "2021.08.20"]
[Round "7.3"]
[White "Olsen, Filip Boe"]
[Black "Ochsner, Bjørn Møller"]
[Result "1/2-1/2"]
[TimeControl "90 minutes + 30 minutes at move 40, 30 secs pr move from move 1"]
[WhiteTitle "IM"]
[BlackTitle "IM"]
[WhiteFideId "1440640"]
[BlackFideId "1416928"]
[WhiteElo "2397"]
[BlackElo "2506"]

1. c4 g6 2. d4 Bg7 3. Nc3 Nf6 4. g3 O-O 5. Bg2 d6 6. Nf3 Nc6 7. O-O e5 8. d5 Nb8 9. e4 a5 10.
Ne1 Na6 11. Nd3 Nd7 12. Be3 f5 13. f4 Nb4 14. a3 Nxd3 15. Qxd3 Nc5 16. Bxc5 dxc5 17. Rae1 fxe4 18. Nxe4 exf4 19.
Nxc5 fxg3 20. hxg3 Rxf1+ 21. Rxf1 Bf5 22. Be4 Qd6 23. b4 axb4 24. axb4 b6 25. Bxf5 bxc5 26. Be6+ Kh8 27. b5 Qe5 28.
Kg2 Ra2+ 29. Rf2 Rxf2+ 30. Kxf2 Qb2+ 1/2-1/2

[Event "Smuk Skak GM Tournament 2021"]
[Site "Skanderborg, Denmark"]
[Date "2021.08.20"]
[Round "7.4"]
[White "Janik, Igor"]
[Black "Brunello, Sabino"]
[Result "0-1"]
[TimeControl "90 minutes + 30 minutes at move 40, 30 secs pr move from move 1"]
[WhiteTitle "IM"]
[BlackTitle "GM"]
[WhiteFideId "1159259"]
[BlackFideId "813613"]
[WhiteElo "2500"]
[BlackElo "2517"]

1. e4 e5 2. Nf3 Nc6 3. Bc4 Bc5 4. c3 Nf6 5. d4 exd4 6. e5 d5 7. Bb5 Ne4 8. cxd4 Bb6 9. Nc3 O-O 10.
Be3 Nxc3 11. bxc3 f6 12. Bxc6 bxc6 13. Qa4 Bg4 14. exf6 Bxf3 15. fxg7 Rf7 16. gxf3 Qf6 17. Rg1 c5 18.
Rg3 cxd4 19. cxd4 c5 20. Kf1 Bc7 21. Rg2 c4 22. Re1 Re7 23. h4 Qxf3 24. Qc6 Rb8 25. Qh6 c3 26. Kg1 c2 27.
Rf1 Qe4 28. Qf6 Re6 29. Qg5 Rg6 30. f3 Qe6 0-1

[Event "Smuk Skak GM Tournament 2021"]
[Site "Skanderborg, Denmark"]
[Date "2021.08.20"]
[Round "7.5"]
[White "Pedersen, Nicolai Vesterbæk"]
[Black "Lindgren, Phillip"]
[Result "1/2-1/2"]
[TimeControl "90 minutes + 30 minutes at move 40, 30 secs pr move from move 1"]
[WhiteTitle "IM"]
[BlackTitle "IM"]
[WhiteFideId "1402340"]
[BlackFideId "1713230"]
[WhiteElo "2369"]
[BlackElo "2356"]

1. c4 c6 2. d4 d5 3. cxd5 cxd5 4. Nc3 Nf6 5. Bf4 Nc6 6. e3 a6 7. Bd3 Bg4 8. f3 Bh5 9. Nge2 Bg6 10.
O-O e6 11. Rc1 Bxd3 12. Qxd3 Be7 13. Na4 Nh5 14. Be5 f6 15. Bf4 O-O 16. Qb3 Ra7 17. Nc5 Bxc5 18. dxc5 Nxf4 19. Nxf4 Re8 20.
e4 Qc7 21. exd5 Qxf4 22. dxc6 bxc6 23. Rfe1 Rae7 24. Rc4 Qc7 25. Qb6 Rb8 26. Qxc7 Rxc7 27. b3 Kf7 28. f4 Rd7 29. Ra4 Rb5 30.
Rxa6 Rxc5 31. Re2 Rd4 32. g3 Kg6 1/2-1/2

[Event "Smuk Skak GM Tournament 2021"]
[Site "Skanderborg, Denmark"]
[Date "2021.08.21"]
[Round "8.1"]
[White "Lindgren, Phillip"]
[Black "Svane, Frederik"]
[Result "1/2-1/2"]
[TimeControl "90 minutes + 30 minutes at move 40, 30 secs pr move from move 1"]
[WhiteTitle "IM"]
[BlackTitle "IM"]
[WhiteFideId "1713230"]
[BlackFideId "12923044"]
[WhiteElo "2356"]
[BlackElo "2438"]

1. d4 Nf6 2. c4 e6 3. Nf3 d5 4. Nc3 dxc4 5. a4 Bb4 6. e3 O-O 7. Bxc4 b6 8. O-O Bb7 9. Qe2 Nbd7 10.
Rd1 a6 11. Bd3 Qe7 12. e4 e5 13. Nxe5 Nxe5 14. dxe5 Qxe5 15. f4 Bc5+ 16. Kh1 Qh5 17. Qxh5 Nxh5 18. Be2 Nf6 19. e5 Ne4 20.
Nxe4 Bxe4 21. a5 b5 22. Bd2 Bd4 23. Bc3 Bxc3 24. bxc3 Rfd8 25. Kg1 f6 26. exf6 gxf6 27. Kf2 Kf8 28.
g4 c5 29. Rxd8+ Rxd8 30. Rd1 Rxd1 31. Bxd1 Ke7 32. Ke3 Bd5 33. g5 f5 34. h4 Kf8 35. Bc2 Be6 36. Bd1 Bd5 37. Bc2 Be6 38.
Bd3 Bd7 39. Be2 Bc6 40. Bd3 Bd7 41. Kd2 Kg7 42. Bc2 Be6 43. Ke3 Kf8 1/2-1/2

[Event "Smuk Skak GM Tournament 2021"]
[Site "Skanderborg, Denmark"]
[Date "2021.08.21"]
[Round "8.2"]
[White "Solodovnichenko, Yuri"]
[Black "Pedersen, Nicolai Vesterbæk"]
[Result "1/2-1/2"]
[TimeControl "90 minutes + 30 minutes at move 40, 30 secs pr move from move 1"]
[WhiteTitle "GM"]
[BlackTitle "IM"]
[WhiteFideId "14104369"]
[BlackFideId "1402340"]
[WhiteElo "2546"]
[BlackElo "2369"]

1. e4 e5 2. Nf3 Nc6 3. Bb5 Nf6 4. d3 d6 5. c4 g6 6. Nc3 Bg7 7. h3 O-O 8. Be3 Nd7 9. Bxc6 bxc6 10.
g4 Nb6 11. c5 Nd7 12. Qa4 Bb7 13. O-O-O Nxc5 14. Bxc5 dxc5 15. g5 Qd6 16. Qc2 Bc8 17. Na4 f5 18. Nxc5 Qe7 19. d4 exd4 20.
e5 Be6 21. Nxd4 Qxg5+ 22. Kb1 Bd5 23. Nde6 Qe7 24. Nxf8 Bxf8 25. Nd3 Bxh1 26. Rxh1 Qd7 27. Nf4 Qd4 28. Qxc6 Rb8 29. Qd5+ Qxd5 30.
Nxd5 Rb5 31. Rd1 c6 32. Nf6+ Kf7 33. f4 Rb4 34. Nxh7 Rxf4 35. e6+ Ke8 36. Rd7 Be7 37. Rxa7 Kd8 38.
a4 Rh4 39. a5 Rxh7 40. a6 Kc8 41. Rd7 Kb8 42. h4 f4 43. Kc2 f3 44. Kd3 f2 45. Ke2 c5 46. b3 Rg7 47. Kf1 Rh7 48.
Rb7+ Ka8 49. Rd7 Kb8 50. Rb7+ Ka8 51. Rd7 1/2-1/2

[Event "Smuk Skak GM Tournament 2021"]
[Site "Skanderborg, Denmark"]
[Date "2021.08.21"]
[Round "8.3"]
[White "Ochsner, Bjørn Møller"]
[Black "Antolak, Julia"]
[Result "1-0"]
[TimeControl "90 minutes + 30 minutes at move 40, 30 secs pr move from move 1"]
[WhiteTitle "IM"]
[BlackTitle "WIM"]
[WhiteFideId "1416928"]
[BlackFideId "1159569"]
[WhiteElo "2506"]
[BlackElo "2340"]

1. Nf3 Nf6 2. c4 e6 3. Nc3 Bb4 4.
e3 b6 5.
Qc2 Bb7 6. a3 Be7 7. b4 a5 8. b5 d6 9. d4 Nbd7 10. Be2 O-O 11. O-O Re8 12. Rd1 Bf8 13. e4 e5 14. dxe5 dxe5 15.
Bg5 Qc8 16. Ra2 h6 17. Bh4 Bd6 18. Nd2 g5 19. Bg3 Nf8 20. Nd5 Bxd5 21. cxd5 Ng6 22. Nc4 Qd8 23. Ne3 Bc5 24. Nf5 Kh7 25.
h3 Rg8 26. Qc4 Qf8 27. a4 Rd8 28. Rad2 Ne8 29. Qc2 f6 30. Bg4 Kh8 31. Rd3 Nd6 32. Rc3 Ne7 33. Ne3 Qg7 34. Be6 Rgf8 35.
Rc1 Nb7 36. Kh1 Nc8 37. f3 Ncd6 38. Bf2 Rfe8 39. Nf5 Nxf5 40. Bxf5 Qe7 41. Bxc5 Nxc5 42. Rxc5 bxc5 43. Qxc5 Qxc5 44.
Rxc5 Re7 45. Rc6 Kg7 46. Ra6 Rd6 47. Rxa5 Kf8 48. Kg1 Rb6 49. Kf2 Re8 50. Bd7 Rd8 51. Bc6 Ke7 52. Ra7 Kd6 53.
Ke3 Rc8 54. Kd3 Kc5 55. Kc3 Rbb8 56. a5 h5 57. Bd7 Rd8 58. Rxc7+ Kd6 59. b6 Rxd7 60. Rc6+ Ke7 61. a6 h4 62.
Kb4 Kd8 63. Ka5 f5 64. a7 Ra8 65. Ka6 fxe4 66. fxe4 1-0

[Event "Smuk Skak GM Tournament 2021"]
[Site "Skanderborg, Denmark"]
[Date "2021.08.21"]
[Round "8.4"]
[White "Janik, Igor"]
[Black "Olsen, Filip Boe"]
[Result "1-0"]
[TimeControl "90 minutes + 30 minutes at move 40, 30 secs pr move from move 1"]
[WhiteTitle "IM"]
[BlackTitle "IM"]
[WhiteFideId "1159259"]
[BlackFideId "1440640"]
[WhiteElo "2500"]
[BlackElo "2397"]

1. d4 Nf6 2. c4 e6 3. g3 d5 4. Bg2 dxc4 5. Nf3 c5 6. Qa4+ Bd7 7. Qxc4 Nc6 8. O-O cxd4 9. Nxd4 Rc8 10.
Nc3 Nxd4 11. Qxd4 Bc5 12. Qh4 h6 13. Bxb7 Rb8 14. Bf3 Rb4 15. e4 Bc6 16. a3 Rb3 17. e5 Bxf3 18. exf6 Qd4 19.
fxg7 Rg8 20. Qxh6 Qxg7 21. Qxg7 Rxg7 22. Be3 Bd6 23. Rfe1 e5 24. Bd4 f6 25. Ne4 Bxe4 26. Rxe4 Rc7 27.
Bc3 Kf7 28. Ra4 Bc5 29. Rd1 Kg6 30. Kg2 Be7 31. Rd5 Bc5 32. Rc4 Bb6 33. Rxc7 Bxc7 34. g4 f5 35. Rc5 Bb6 36. gxf5+ Kxf5 37.
Rxe5+ Kg6 38. a4 1-0

[Event "Smuk Skak GM Tournament 2021"]
[Site "Skanderborg, Denmark"]
[Date "2021.08.21"]
[Round "8.5"]
[White "Brunello, Sabino"]
[Black "Nagy, Gabor"]
[Result "1/2-1/2"]
[TimeControl "90 minutes + 30 minutes at move 40, 30 secs pr move from move 1"]
[WhiteTitle "GM"]
[BlackTitle "GM"]
[WhiteFideId "813613"]
[BlackFideId "737119"]
[WhiteElo "2517"]
[BlackElo "2518"]

1. d4 Nf6 2. c4 e6 3. Nc3 d5 4. Bg5 Be7 5. e3 O-O 6. Nf3 h6 7. Bh4 b6 8. Bd3 Bb7 9. cxd5 Nxd5 10.
Bxe7 Qxe7 11. Rc1 Nxc3 12. Rxc3 Rc8 13. Qc2 Na6 14. Bxa6 Bxa6 15. Ne5 c5 16. dxc5 Rxc5 17. Rxc5 bxc5 18.
Nc4 Qb7 19. O-O Bxc4 20. Qxc4 Qxb2 21. g3 Rd8 22. Qxc5 Qxa2 23. Qe7 Rb8 24. Rd1 a5 25. Kg2 Qa4 26. Rd4 Qc6+ 27. Kh3 Qe8 28.
Qc7 Qc8 29. Qe7 Qe8 30. Qc7 Qb5 31. Kg2 Rf8 32. e4 Ra8 33. Rd7 Rf8 34. Rd4 Ra8 35. Rd7 Rf8 1/2-1/2

[Event "Smuk Skak GM Tournament 2021"]
[Site "Skanderborg, Denmark"]
[Date "2021.08.22"]
[Round "9.1"]
[White "Svane, Frederik"]
[Black "Solodovnichenko, Yuri"]
[Result "0-1"]
[TimeControl "90 minutes + 30 minutes at move 40, 30 secs pr move from move 1"]
[WhiteTitle "IM"]
[BlackTitle "GM"]
[WhiteFideId "12923044"]
[BlackFideId "14104369"]
[WhiteElo "2438"]
[BlackElo "2546"]

1. e4 d6 2. d4 Nf6 3. Nd2 e5 4. c3 Qe7 5. dxe5 dxe5 6. Ngf3 Nc6 7. Bc4 Bd7 8. a4 h6 9. b4 O-O-O 10. Qb3 Nh5 11. g3 Qf6 12. h3 Be7 13. a5 Rhf8 14. b5 Nb8 15. a6 b6 16. Bd5 c6 17. bxc6 Bxc6 18. c4 Bc5 19.
Bb2 Nd7 20. Qd3 Qd6 21. Nh4 g6 22. O-O f5 23. Rad1 f4 24. Kg2 Ng7 25. Ndf3 g5 26. Nf5 Nxf5 27. exf5 Rde8 28. Rfe1 Bb4 29.
Bxe5 Nxe5 30. Rxe5 Rxe5 31. Nxe5 Ba4 32. Be6+ Kc7 33. Qf3 Qxd1 34. Qb7+ Kd6 35. Bd5 Kxe5 36. Qg7+ Rf6 37. Qxa7 fxg3 38.
Qc7+ Bd6 39. Qxb6 Qd4 40. Qxd4+ Kxd4 41. a7 Rf8 42. fxg3 Bc2 43. a8=Q Rxa8 44. Bxa8 Bxf5 45. h4 g4 0-1

[Event "Smuk Skak GM Tournament 2021"]
[Site "Skanderborg, Denmark"]
[Date "2021.08.22"]
[Round "9.2"]
[White "Nagy, Gabor"]
[Black "Lindgren, Phillip"]
[Result "1/2-1/2"]
[TimeControl "90 minutes + 30 minutes at move 40, 30 secs pr move from move 1"]
[WhiteTitle "GM"]
[BlackTitle "IM"]
[WhiteFideId "737119"]
[BlackFideId "1713230"]
[WhiteElo "2518"]
[BlackElo "2356"]

1. c4 e6 2. d4 Nf6 3. Nc3 Bb4 4. e3 O-O 5. Bd2 Bxc3 6. Bxc3 Ne4 7. Rc1 Nxc3 8. Rxc3 d6 9. Nf3 Qe7 10.
Be2 e5 11. c5 dxc5 12. Nxe5 cxd4 13. Qxd4 c6 14. O-O Rd8 15. Qf4 Be6 16. Bc4 Nd7 17. Nf3 Nb6 18. Bxe6 Qxe6 19. Rb3 Rd7 20.
h3 h6 21. Nd4 Qc4 22. Qf5 Rd5 23. Qb1 Rd7 24. Rc1 Qd5 25. Rbc3 Qe5 26. Rc5 Qf6 27. b4 a6 28. Qb3 Re7 29.
a4 Nd7 30. Rf5 Qg6 31. Rf3 1/2-1/2

[Event "Smuk Skak GM Tournament 2021"]
[Site "Skanderborg, Denmark"]
[Date "2021.08.22"]
[Round "9.3"]
[White "Pedersen, Nicolai Vesterbæk"]
[Black "Ochsner, Bjørn Møller"]
[Result "1/2-1/2"]
[TimeControl "90 minutes + 30 minutes at move 40, 30 secs pr move from move 1"]
[WhiteTitle "IM"]
[BlackTitle "IM"]
[WhiteFideId "1402340"]
[BlackFideId "1416928"]
[WhiteElo "2369"]
[BlackElo "2506"]

1. c4 Nf6 2. Nc3 g6 3. e4 d6 4. d4 Bg7 5. f3 O-O 6. Nge2 c5 7. d5 e6 8. Ng3 exd5 9. cxd5 a6 10.
a4 Nbd7 11. Be2 Ne8 12. O-O Nc7 13. Bf4 Qe7 14. Qd2 Rb8 15. Bh6 Bxh6 16. Qxh6 b5 17. axb5 Nxb5 18. Rf2 Qf6 19. Bxb5 axb5 20.
f4 Qg7 21. Qh4 Re8 22. e5 f5 23. Rf3 Nf8 24. e6 Bb7 25. Rd1 b4 26. Nce2 Ra8 27. b3 Ra2 28. Re3 Re7 29. Kh1 Rb2 30.
Ng1 Rxe6 31. Rxe6 Nxe6 32. Nf3 Nd4 33. Nxd4 cxd4 34. Re1 Qf8 35. h3 Bxd5 36. Re7 Bf7 37. Rd7 d3 38. Nxf5 Rb1+ 39.
Kh2 gxf5 40. Qg5+ Kh8 41. Qxf5 Kg8 42. Qg5+ Bg6 43. Qd5+ Bf7 44. Qg5+ Bg6 45. Qd5+ Bf7 46. Qg5+ 1/2-1/2

[Event "Smuk Skak GM Tournament 2021"]
[Site "Skanderborg, Denmark"]
[Date "2021.08.22"]
[Round "9.4"]
[White "Antolak, Julia"]
[Black "Janik, Igor"]
[Result "1/2-1/2"]
[TimeControl "90 minutes + 30 minutes at move 40, 30 secs pr move from move 1"]
[WhiteTitle "WIM"]
[BlackTitle "IM"]
[WhiteFideId "1159569"]
[BlackFideId "1159259"]
[WhiteElo "2340"]
[BlackElo "2500"]

1. e4 e5 2. Nf3 Nc6 3. Bb5 Nf6 4. O-O Nxe4 5. Re1 Nd6 6. Nxe5 Be7 7. Bf1 Nxe5 8. Rxe5 O-O 9. d4 Bf6 10.
Re1 Re8 11. c3 Rxe1 12. Qxe1 Ne8 13. Bf4 d5 14. Bd3 c6 15. Nd2 g6 16. Be5 Ng7 17. Nf3 Bf5 18. Bxf5 Nxf5 19. Bxf6 Qxf6 20.
Qe5 Qxe5 21. Nxe5 f6 22. Nd3 Re8 23. Kf1 Kf7 24. Re1 Rxe1+ 25. Kxe1 g5 26. g3 Nd6 27. Ke2 Nc4 28. f3 Ke7 29.
b3 Nd6 30. Nc5 b6 31. Nd3 Ke6 32. g4 a5 1/2-1/2

[Event "Smuk Skak GM Tournament 2021"]
[Site "Skanderborg, Denmark"]
[Date "2021.08.22"]
[Round "9.5"]
[White "Olsen, Filip Boe"]
[Black "Brunello, Sabino"]
[Result "1/2-1/2"]
[TimeControl "90 minutes + 30 minutes at move 40, 30 secs pr move from move 1"]
[WhiteTitle "IM"]
[BlackTitle "GM"]
[WhiteFideId "1440640"]
[BlackFideId "813613"]
[WhiteElo "2397"]
[BlackElo "2517"]

1. d4 d5 2. Nf3 Nf6 3. Bf4 c5 4. e3 Nc6 5. Nbd2 Nh5 6. dxc5 Nxf4 7. exf4 Qa5 8. c4 e6 9. a3 dxc4 10.
Bxc4 Qxc5 11. O-O Be7 12. Rc1 Qf5 13. g3 O-O 14. Qe2 Rd8 15. Rfd1 Bd7 16. Bd3 Qh5 17. Nc4 Be8 18. Nce5 Nxe5 19.
Nxe5 Qxe2 20. Bxe2 f6 21. Nf3 Rac8 22. Rxc8 Rxc8 23. Nd4 Kf7 24. Kf1 Bc5 25. Nb5 Ke7 26. b4 a6 27. bxc5 axb5 28.
Bf3 Rxc5 29. Bxb7 Rc7 30. Be4 f5 31. Bb1 Ra7 32. Re1 g6 33. Re3 Kd6 34. Ke1 Bc6 35. Rb3 Kc5 36. Bd3 h6 37.
h4 Re7 1/2-1/2